 Dungeon Crawl Stone Soup version 0.23.2-1-ga50397a6bc (webtiles) character file.

Game seed: 17156657977492220296

3112 Menchi the Fighter (level 9, -8/93 HPs)
             Began as a Naga Fighter on May 16, 2019.
             Was an Initiate of Gozag.
             Mangled by a two-headed ogre
             ... wielding a +0 giant spiked club
              (17 damage)
             ... on level 10 of the Dungeon.
             The game lasted 00:22:44 (8704 turns).

Menchi the Fighter (Naga Fighter)                   Turns: 8704, Time: 00:22:45

Health: -8/93      AC:  9    Str: 20    XL:     9   Next: 91%
Magic:  9/9        EV: 11    Int:  9    God:    Gozag
Gold:   455        SH:  0    Dex: 12    Spells: 8/8 levels left

rFire    . . .     SeeInvis +   F - +4 flail of Jirimof {flame, SInv}
rCold    + . .     Gourm    .   (no shield)
rNeg     . . .     Faith    .   j - +0 swamp dragon scales
rPois    +         Spirit   .   (no helmet)
rElec    .         Reflect  .   e - +1 cloak
rCorr    .         Harm     .   (no gloves)
MR       +....                  (no barding)
Stlth    +.........             h - amulet of regeneration
HPRegen  0.65/turn              (no ring)
MPRegen  0.11/turn              t - ring of protection from cold

@: very slow
A: large, see invisible, deformed body, poison resistance, slowness 2, slow
metabolism 1, spit poison 1, AC +3
a: Spit Poison, Potion Petition, Call Merchant, Bribe Branch, Renounce Religion


You were on level 10 of the Dungeon.
You worshipped Gozag.
Gozag was aware of your devotion.
You were not hungry.

You visited 3 branches of the dungeon, and saw 12 of its levels.

You collected 983 gold pieces.
You paid 528 gold pieces to Gozag.

Inventory:

Hand Weapons
 E - the +2 long sword of Caaram {freeze, rN+ Str+7 Int+3}
   (You found it on level 9 of the Dungeon)

   It has been specially enchanted to freeze those struck by it, causing extra
   injury to most foes and up to half again as much damage against particularly
   susceptible opponents.
   It can also slow down cold-blooded creatures.
   It affects your strength (+7).
   It affects your intelligence (+3).
   It protects you from negative energy.
 F - the +4 flail of Jirimof (weapon) {flame, SInv}
   (You found it on level 9 of the Dungeon)

   It has been specially enchanted to burn those struck by it, causing extra
   injury to most foes and up to half again as much damage against particularly
   susceptible opponents.
   It lets you see invisible.
Armour
 c - a +0 shield
 e - a +1 cloak (worn)
 j - +0 swamp dragon scales (worn)
 p - +0 fire dragon scales
Jewellery
 h - an amulet of regeneration (around neck)
 s - an uncursed ring of fire
 t - a ring of protection from cold (right hand)
 A - an uncursed amulet of the acrobat
Wands
 i - a wand of paralysis (7)
 l - a wand of disintegration (4)
 q - a wand of iceblast (5)
 y - a wand of clouds (6)
 C - a wand of flame (36)
Scrolls
 a - a scroll of remove curse
 b - 9 scrolls of identify
 m - 3 scrolls of enchant weapon
 n - 7 scrolls of magic mapping
 o - 2 scrolls of blinking
 u - 4 scrolls of enchant armour
 x - a scroll of teleportation
 D - 3 scrolls of fear {unknown}
Potions
 d - 2 potions of might
 g - 2 potions of agility
 k - 6 potions of curing
 r - a potion of lignification {unknown}
 v - a potion of flight {unknown}
 w - 3 potions of heal wounds {unknown}
 z - a potion of degeneration {unknown}
 B - a potion of berserk rage {unknown}
 G - a potion of haste {unknown}
 H - a potion of brilliance {unknown}
 I - a potion of ambrosia {unknown}
Comestibles
 f - 15 rations


   Skills:
 * Level 9.8 Fighting
   Level 3.7 Polearms
 - Level 2.4 Armour
 + Level 6.3 Dodging
 + Level 4.9 Shields


You had 8 spell levels left.
You didn't know any spells.
Your spell library contained the following spells:

 Spells                   Type           Power        Failure   Level  Hunger
 Beastly Appendage        Tmut           #.....       56%         1    ##.....
 Summon Small Mammal      Summ           #...         56%         1    ##.....
 Call Imp                 Summ           #.......     71%         2    ###....
 Call Canine Familiar     Summ           #.......     90%         3    ####...
 Summon Guardian Golem    Hex/Summ       #.......     90%         3    ####...
 Summon Ice Beast         Ice/Summ       #.......     100%        4    #####..
 Summon Lightning Spire   Summ/Air       #.......     100%        4    #####..


Dungeon Overview and Level Annotations

Branches:
Dungeon (10/15)            Temple (1/1) D:7             Orc (1/2) D:9
   Lair: D:8-11

Altars:
Ashenzari
Dithmenos
Elyvilon
Fedhas
Gozag
Hepliaklqana
Kikubaaqudgha
Makhleb
Nemelex Xobeh
Okawaru
Qazlal
Ru
Sif Muna
Trog
Uskayaw
Vehumet
Wu Jian
Xom
Yredelemnul
Zin
The Shining One

Shops:
D:4 !

Annotations:
D:6 2 transporters, grerr's ghost, novice DsAK


Innate Abilities, Weirdness & Mutations

You cannot wear boots.
Your serpentine skin is tough. (AC +3)
You have supernaturally acute eyesight. (SInv)
Armour fits poorly on your strangely shaped body.
Your system is resistant to poisons. (rPois)
You cover ground very slowly.
You have a slow metabolism.
You can spit poison.


Message History

The two-headed ogre hits you with a +0 giant spiked club!
The two-headed ogre hits you but does no damage.
You barely miss the two-headed ogre.
The two-headed ogre is lightly wounded.
You have got your breath back.
The two-headed ogre closely misses you.
The two-headed ogre hits you with a cursed -3 giant club!
* * * LOW HITPOINT WARNING * * *
The orc wizard casts a cantrip, but nothing happens.
You closely miss the two-headed ogre.
The two-headed ogre is lightly wounded.
The two-headed ogre hits you with a +0 giant spiked club!
* * * LOW HITPOINT WARNING * * *
The two-headed ogre barely misses you.
You barely miss the two-headed ogre.
The two-headed ogre is lightly wounded.
The two-headed ogre looks more healthy.
The two-headed ogre misses you.
The two-headed ogre hits you with a cursed -3 giant club!
You die...
Your body crumbles into a pile of gold.

####+#### #.#[....#
#+# #.#.#.# ....
#[#.#.# ..<..
#.#.#.### ####......
#.#.#...###.@Oo.....
#.#.###.'...##......
#.#...#.##### ....<
#.###.#<# ....
#.......# ###
####'#### #.# #.#
#.####


You could see a two-headed ogre and an orc wizard (invisible).

Vanquished Creatures
  Pikel (D:9)
  A hornet (D:8)
  2 soldier ants (D:8)
  Edmund (D:5)
  An ice beast (D:8)
  4 slaves (D:9)
  An ogre (D:8)
  A phantom (D:6)
  2 centaurs
  A big kobold (D:8)
  2 bullfrogs
  4 scorpions
  9 wights (D:8)
  2 howler monkeys
  4 crimson imps
  2 hounds (D:6)
  A jelly (D:7)
  4 orc priests
  3 orc wizards
  An iguana (D:6)
  A centaur skeleton (D:4)
  7 worker ants
  A howler monkey zombie (D:7)
  7 adders
  A shadow imp (D:7)
  2 oozes (D:3)
  An adder skeleton (D:6)
  4 worms
  2 dart slugs
  5 leopard geckos
  14 orcs
  A ball python (D:7)
  6 bats
  6 giant cockroaches
  4 goblins
  11 hobgoblins
  8 jackals
  4 quokkas
  3 frilled lizards
  A giant cockroach zombie (D:6)
  14 kobolds
  A leopard gecko skeleton (D:7)
  A leopard gecko zombie (D:5)
  10 rats
162 creatures vanquished.

Notes
Turn   | Place    | Note
-------+----------+-------------------------------------------
     0 | D:1      | Menchi the Naga Fighter began the quest for the Orb.
     0 | D:1      | Reached XP level 1. HP: 21/21 MP: 1/1
   389 | D:1      | Reached XP level 2. HP: 14/28 MP: 2/2
   710 | D:1      | Found a blossoming altar of Fedhas.
  1478 | D:1      | Reached XP level 3. HP: 34/34 MP: 3/3
  1829 | D:2      | Reached skill level 1 in Dodging
  2039 | D:2      | Reached XP level 4. HP: 43/44 MP: 4/4
  2135 | D:2      | Found a stormy altar of Qazlal.
  2140 | D:2      | Found a blossoming altar of Fedhas.
  2495 | D:3      | Reached skill level 4 in Fighting
  2506 | D:3      | Reached XP level 5. HP: 35/50 MP: 5/5
  3369 | D:4      | Found Muzid's Distillery.
  3393 | D:4      | Found a burning altar of Makhleb.
  3404 | D:4      | Reached XP level 6. HP: 57/58 MP: 6/6
  3790 | D:4      | Reached skill level 5 in Fighting
  3857 | D:4      | Found a shattered altar of Ashenzari.
  3913 | D:4      | Found a shimmering altar of Xom.
  3914 | D:4      | Found a white marble altar of Elyvilon.
  3943 | D:5      | Entered Level 5 of the Dungeon
  4105 | D:5      | Reached XP level 7. HP: 60/67 MP: 7/7
  4206 | D:5      | Noticed Edmund
  4211 | D:5      | Killed Edmund
  4772 | D:6      | Found a transporter.
  4866 | D:6      | Found a shadowy altar of Dithmenos.
  4910 | D:6      | Found an ancient bone altar of Kikubaaqudgha.
  4917 | D:6      | Found a deep blue altar of Sif Muna.
  4919 | D:6      | Found a radiant altar of Vehumet.
  4923 | D:6      | Identified Sif Muna's Grimoire of Transmigration
  4982 | D:6      | Reached skill level 6 in Fighting
  5081 | D:6      | Noticed grerr's ghost (novice DsAK)
  5083 | D:6      | Noticed a hungry ghost
  5084 | D:6      | Noticed a vampire
  5143 | D:6      | Found a transporter.
  5170 | D:6      | Found a burning altar of Makhleb.
  5244 | D:6      | Reached XP level 8. HP: 39/78 MP: 8/8
  5697 | D:7      | Found an iron altar of Okawaru.
  5699 | D:7      | Found a hide-covered altar of Uskayaw.
  5795 | D:7      | Got a crude mace
  5796 | D:7      | Identified the cursed +1 mace "Zatoy" {flame, *Noise rN+++
                  | Int+2} (You found it on level 7 of the Dungeon)
  5903 | D:7      | Found a staircase to the Ecumenical Temple.
  5909 | Temple   | Entered the Ecumenical Temple
  5954 | Temple   | Became a worshipper of Gozag Ym Sagoz the Greedy
  6036 | D:7      | Reached skill level 7 in Fighting
  6371 | D:8      | Reached skill level 5 in Dodging
  6409 | D:8      | Reached skill level 8 in Fighting
  6519 | D:8      | Reached XP level 9. HP: 88/88 MP: 9/9
  6955 | D:8      | Noticed a hornet
  6957 | D:8      | Paralysed by a hornet for 3 turns
  6966 | D:8      | Killed a hornet
  7391 | D:8      | Reached skill level 9 in Fighting
  7764 | D:9      | Got a translucent long sword
  7765 | D:9      | Identified the cursed +2 long sword of Caaram {freeze, rN+
                  | Str+7 Int+3} (You found it on level 9 of the Dungeon)
  7909 | D:9      | Got a polished flail
  7911 | D:9      | Identified the +4 flail of Jirimof {flame, SInv} (You found
                  | it on level 9 of the Dungeon)
  7949 | D:9      | Found a deep blue altar of Sif Muna.
  8142 | D:9      | Found a staircase to the Orcish Mines.
  8310 | D:9      | Noticed Pikel
  8319 | D:9      | Killed Pikel
  8567 | Orc:1    | Entered Level 1 of the Orcish Mines
  8567 | Orc:1    | Noticed an orc knight
  8567 | Orc:1    | Noticed a troll
  8574 | D:10     | Entered Level 10 of the Dungeon
  8696 | D:10     | Noticed a two-headed ogre
  8704 | D:10     | Mangled by a two-headed ogre

Skill      XL: |  1  2  3  4  5  6  7  8  9 |
---------------+----------------------------+-----
Dodging        | 1 2 3 5 6 |  6.3
Shields        | 3 4 |  4.9
Fighting       | 4 5 6 8 9 |  9.8
Polearms       | 3 |  3.7
Armour         | |  2.4

Action                   |  1- 3 |  4- 6 |  7- 9 || total
-------------------------+-------+-------+-------++-------
Melee: Trident           |   159 |     8 |       ||   167
       Spear             |       |   278 |   525 ||   803
       Flail             |       |       |    53 ||    53
       Long sword        |       |       |    49 ||    49
Invok: Potion Petition   |       |       |     2 ||     2
 Abil: Spit Poison       |       |    10 |    23 ||    33
Evoke: Wand              |       |       |    12 ||    12
  Use: Scroll            |     6 |       |     9 ||    15
       Potion            |       |       |     2 ||     2
  Eat: Chunk             |     2 |     6 |     4 ||    12
       Ration            |       |       |     4 ||     4
Armor: Scale mail        |    10 |       |       ||    10
       Robe              |     9 |       |       ||     9
       Swamp dragon scal |    34 |   100 |   235 ||   369
       Ring mail         |     4 |       |       ||     4
Dodge: Dodged            |    73 |   108 |   260 ||   441
       Rpst.: Long sword |       |       |     5 ||     5
